 Dungeon Crawl Stone Soup version 0.32-a0-329-ge6c31236d6 (webtiles) character file.

Game seed: 170849645954195660

2412 hikkokomori the Cleaver (level 9, -5/72 (74) HPs)
             Began as a Mountain Dwarf Cinder Acolyte on Feb 16, 2024.
             Was a High Priest of Ignis.
             Slain by a wight
             ... wielding a +8 great sword of freezing
              (9 damage)
             ... on level 6 of the Dungeon.
             The game lasted 00:17:20 (6868 turns).

hikkokomori the Cleaver (MDCA)                      Turns: 6868, Time: 00:17:21

HP:   -5/72 (74)    AC: 18    Str: 18    XL:     9   Next: 23%
MP:   9/15          EV:  5    Int: 18    God:    Ignis [*****.]
Gold: 271           SH:  0    Dex:  5    Spells: 11/17 levels left

rFire   + . .        a - +0 hand axe (flame)
rCold   . . .        (no shield)
rNeg    + . .        x - +1 plate armour {rN+}
rPois   .            n - +0 helmet
rElec   .            (no cloak)
rCorr   .            o - +2 pair of gloves
SInv    .            (no boots)
Will    .....        (no amulet) Stlth
                     (no ring)
HPRegen 0.32/turn    (no ring)
MPRegen 0.14/turn

%: no passive effects
@: lightly drained
A: runic magic, artefact enchanting
a: Renounce Religion, Fiery Armour, Foxfire Swarm, Rising Flame


You were on level 6 of the Dungeon.
You worshipped Ignis.
Ignis was extremely pleased with you.
You visited 1 branch of the dungeon, and saw 7 of its levels.

You collected 271 gold pieces.

Inventory:

Hand Weapons
 a - a +0 hand axe of flaming (weapon)
 f - a +0 flail
 q - a +0 morningstar of draining
 B - a +1 hand axe of distortion
Missiles
 z - 5 atropa-tipped darts
 A - 6 boomerangs
Armour
 g - a +0 leather armour
 i - a +0 scale mail
 k - a +2 pair of gloves
 n - a +0 helmet (worn)
 o - a +2 pair of gloves (worn)
 r - a +0 plate armour
 v - a +0 chain mail
 w - a +2 robe of willpower
 x - a +1 plate armour of positive energy (worn)
Wands
 u - a wand of roots (8)
Scrolls
 b - 2 scrolls of identify
 c - a scroll of noise {unknown}
 d - a scroll of immolation
 e - a scroll of silence
 h - a scroll of torment
 j - a scroll of vulnerability {unknown}
 m - a scroll of enchant armour
 p - a scroll of revelation
 s - a scroll of teleportation
 y - a scroll of amnesia
Potions
 l - a potion of resistance
 t - a potion of heal wounds
 C - a potion of magic
 D - a potion of enlightenment


   Skills:
 - Level 5.0 Fighting
 - Level 8.0 Axes
 - Level 6.2 Armour
 + Level 4.6 Spellcasting
 - Level 5.0 Hexes
 - Level 5.0 Fire Magic
 + Level 2.7 Evocations


You had 11 spell levels left.
You knew the following spells:

 Your Spells              Type           Power      Damage    Failure   Level
a - Scorch                Fire           44%        2d6       6%          2
b - Apportation           Tloc           8%         N/A       32%         1
c - Tukima's Dance        Hex            22%        N/A       13%         3

Your spell library contained the following spells:

 Spells                   Type           Power      Damage    Failure   Level
 Necrotise                Necr           16%        1d4       32%         1
 Sting                    Conj/Alch      16%        1d4       32%         1
 Summon Small Mammal      Summ           16%        N/A       32%         1
 Passage of Golubria      Tloc           4%         N/A       97%         4
 Yara's Violent Unravell  Hex/Alch       6%         3d5       97%         5


Dungeon Overview and Level Annotations

Branches:
Dungeon (7/15)             Temple (0/1) D:7

Altars:
Fedhas
Qazlal
Trog
Uskayaw
Zin

Shops:
D:5 :!

Annotations:
D:2 1 runed translucent door, Crazy Yiuf
D:4 2 transporters, Highcell's ghost, novice MDFi


Innate Abilities, Weirdness & Mutations

Your spellcasting is much less encumbered by armour.
You can use scrolls of enchantment on lesser artefacts.


Message History

You finish putting on your +1 plate armour of positive energy.
You feel more protected from negative energy.
Unknown command.
Items here: )) [ ÷.
There is a stone staircase leading down, spattered with blood here.
You climb downwards.
The wight hits you with a +8 great sword of freezing!
The wight freezes you. The orc barely misses you.
The wight hits you but does no damage.
There is a stone staircase leading up, spattered with blood here.
You see here a +0 flail.
The orc hits you but does no damage.
The wight hits you with a +8 great sword of freezing.
The wight freezes you.
You climb upwards.
There is a stone staircase leading down, spattered with blood here.
Casting: Scorch (safe; 6% risk of failure)
Confirm with . or Enter, or press ? or * to list all spells.
Flames lash the orc.
The orc is heavily wounded.
The orc's fire resistance burns away.
The orc hits you but does no damage.
The wight hits you with a +8 great sword of freezing!
The wight freezes you.
Casting: Scorch (safe; 6% risk of failure)
Confirm with . or Enter, or press ? or * to list all spells.
Flames lash the wight.
The wight is moderately damaged.
The wight's fire resistance burns away.
The orc hits you with a +0 flail.
The wight hits you with a +8 great sword of freezing!
The wight freezes you.
Casting: Scorch (safe; 6% risk of failure)
Confirm with . or Enter, or press ? or * to list all spells.
Flames lash the wight.
The wight is burned terribly!
The wight is severely damaged.
The orc barely misses you.
The wight hits you with a +8 great sword of freezing!!
* * * LOW HITPOINT WARNING * * *
The wight freezes you!
You die...
Ignis goes out, and joins you in death.

....#
#.....#....#............
....#
#.....#....#####..≈§§≈≈≈
##### #.....#....#
#.§≈§≈≈§. #...##
#.....#....# #.≈§_§...
.....# #.....#....#
#.§≈§≈≈§. .....#
#.....'....#####..≈≈≈≈≈≈
.....#
#.....#)................
######
#.....#.)..####...###...
....# #.....#@...# #####
#### ....# #.....#oz..#
# ....# #.....#....#
....# #.....+..).#
....######.....#..).#
###.>..........######
#............#
#............#
#............#


You could see a wight (combustible) and an orc (combustible).

Vanquished Creatures
  Menkaure (D:4)
  Edmund (D:4)
  2 water moccasins (D:5)
  Duvessa (D:7)
  An ice beast (D:6)
  2 black bears
  An orc warrior (D:6)
  2 ogres
  A centaur (D:4)
  A phantom (D:5)
  A kobold brigand (D:6)
  A bullfrog (D:6)
  2 scorpions
  2 wights (D:7)
  Dowan (D:7)
  A howler monkey (D:6)
  A bombardier beetle (D:3)
  2 hounds
  A jelly (D:6)
  A sleepcap (D:6)
  2 orc priests (D:5)
  A gnoll bouda (D:6)
  Jessica (D:2)
  A scorpion zombie (D:3)
  Terence (D:2)
  3 orc wizards
  Robin (D:2)
  9 gnolls
  6 adders
  3 white imps
  2 ufetubi (D:5)
  An adder skeleton (D:3)
  4 dart slugs
  4 ribbon worms
  4 orcs
  6 bats
  4 endoplasms
  10 goblins
  16 hobgoblins
  2 jackals (D:4)
  3 quokkas
  4 ball pythons
  2 frilled lizards (D:1)
  4 kobolds
  4 rats (D:1)
124 creatures vanquished.

Notes
Turn   | Place    | Note
-------+----------+-------------------------------------------
     0 | D:1      | hikkokomori the Mountain Dwarf Cinder Acolyte began the
                  | quest for the Orb.
     0 | D:1      | Reached XP level 1. HP: 19/19 MP: 2/2
   140 | D:1      | Reached skill level 4 in Axes
   154 | D:1      | Reached XP level 2. HP: 22/26 MP: 3/3
   380 | D:1      | Reached XP level 3. HP: 31/31 MP: 4/4
   433 | D:1      | Learned a level 2 spell: Scorch
   591 | D:1      | Found a faded altar of an unknown god.
   836 | D:2      | Noticed Jessica
   839 | D:2      | Killed Jessica
   840 | D:2      | Reached skill level 5 in Axes
   840 | D:2      | Reached skill level 5 in Fire Magic
   840 | D:2      | Reached XP level 4. HP: 38/38 MP: 0/5
   914 | D:2      | Noticed Terence
   925 | D:2      | Killed Terence
  1321 | D:2      | Noticed Robin
  1328 | D:2      | Killed Robin
  1329 | D:2      | Reached skill level 6 in Axes
  1329 | D:2      | Reached XP level 5. HP: 45/45 MP: 2/6
  1670 | D:2      | Found a runed translucent door.
  1671 | D:2      | Noticed Crazy Yiuf
  1871 | D:3      | Found a glowing silver altar of Zin.
  1886 | D:3      | Found a bloodstained altar of Trog.
  2079 | D:3      | Found a stormy altar of Qazlal.
  2376 | D:4      | Reached XP level 6. HP: 50/52 MP: 0/9
  2579 | D:4      | Learned a level 1 spell: Apportation
  2583 | D:4      | Learned a level 3 spell: Tukima's Dance
  2603 | D:4      | Noticed Edmund
  2617 | D:4      | Killed Edmund
  2618 | D:4      | Reached skill level 5 in Fighting
  2786 | D:4      | Found a blossoming altar of Fedhas.
  2874 | D:4      | Found a transporter.
  2899 | D:4      | Noticed Highcell's ghost (novice MDFi)
  2927 | D:4      | Found a transporter.
  3065 | D:4      | Noticed Menkaure
  3075 | D:4      | Killed Menkaure
  3076 | D:4      | Reached XP level 7. HP: 61/61 MP: 4/13
  3461 | D:5      | Entered Level 5 of the Dungeon
  4074 | D:5      | Reached skill level 5 in Armour
  4135 | D:5      | Reached XP level 8. HP: 68/68 MP: 4/14
  4438 | D:5      | Reached skill level 1 in Hexes
  4594 | D:5      | Found Hyll's Distillery.
  4596 | D:5      | Found Ripleam's Book Emporium.
  5194 | D:6      | Found a hide-covered altar of Uskayaw.
  5278 | D:6      | Reached skill level 7 in Axes
  5775 | D:6      | Reached skill level 8 in Axes
  5901 | D:6      | Reached XP level 9. HP: 74/74 MP: 6/15
  6084 | D:6      | Reached skill level 5 in Hexes
  6382 | D:7      | Found a staircase to the Ecumenical Temple.
  6390 | D:7      | Noticed Duvessa
  6401 | D:7      | Reached skill level 1 in Evocations
  6404 | D:7      | Noticed Dowan
  6612 | D:7      | Killed Duvessa
  6613 | D:7      | Killed Dowan
  6868 | D:6      | Slain by a wight

Illustrated notes

Levels and vault maps discovered:
D:1:      noname_arrival_rooms_in_the_neighbourhood, layout_basic,
          ebering_ecumenical_altar_box
D:2:      layout_loops_ring, grunt_ministairs_15, uniq_terence, uniq_jessica,
          uniq_crazy_yiuf_cottage, uniq_robin
D:3:      layout_loops_cross, nicolae_overflow_hidden_temple, bloody_trog,
          mainiacjoe_overflow_large_starburst, serial_undead, serial_undead_e,
          serial_undead_c, serial_undead_c, serial_undead_c
D:4:      layout_cave_pools, fedhas_altar_decomposition,
          gammafunk_ghost_mausoleum, uniq_menkaure, uniq_edmund
D:5:      layout_loops_ring, serial_shops, shop, shop,
          kennysheep_generic_room_12
D:6:      layout_gridville, mainiacjoe_overflow_catwalk
D:7:      old_forge, layout_loops_ring, led_sif_pool,
          nicolae_dithmenos_through_a_glass_darkly, minmay_temple_entry_glass,
          uniq_duvessa

Skill      XL: |  1  2  3  4  5  6  7  8  9 |
---------------+----------------------------+-----
Axes           | 4 5 6 8 |  8.0
Fire Magic     | 4 5 |  5.0
Fighting       | 4 5 |  5.0
Spellcasting   | 2 4 |  4.6
Armour         | 5 6 |  6.2
Hexes          | 4 5 |  5.0
Evocations     | 2 |  2.7

Action                     |  1- 3 |  4- 6 |  7- 9 || total
---------------------------+-------+-------+-------++-------
  Melee: Hand axe          |    74 |   136 |   170 ||   380
   Cast: Scorch            |     4 |    26 |   118 ||   148
 Invoke: Fiery Armour      |       |     2 |       ||     2
  Evoke: Wand              |       |       |     1 ||     1
    Use: Scroll            |       |       |    16 ||    16
 Armour: Robe              |    25 |       |       ||    25
         Leather armour    |    21 |     4 |       ||    25
         Scale mail        |       |    65 |       ||    65
         Chain mail        |       |    17 |   133 ||   150
         Plate armour      |       |       |     9 ||     9
  Dodge: Dodged            |    47 |    66 |    66 ||   179

Table legend: (Time is in decaauts)
 A = Elapsed time spent in this place.
 B = Non-inter-level travel time spent in this place.
 C = Inter-level travel time spent in this place.
 D = Time resting spent in this place.
 E = Time spent auto-exploring this place.
 F = Levels seen in this place.
 G = Mean time per level.
                   A        B        C        D        E       F      G
               +--------+--------+--------+--------+--------+-----+--------+
         Total |   6875 |   6679 |    196 |    471 |   4982 |   7 |  982.1 |
       Dungeon |   6875 |   6679 |    196 |    471 |   4982 |   7 |  982.1 |
               +--------+--------+--------+--------+--------+-----+--------+

Top non-repeatable levels by time:
     D:6: 1781 daAuts
     D:5: 1360 daAuts
     D:4: 1156 daAuts
     D:2: 1015 daAuts
     D:1: 707 daAuts
     D:3: 653 daAuts
     D:7: 200 daAuts
